 Dungeon Crawl Stone Soup version 0.29-a0-384-g6960b1960d (webtiles) character file.

Game seed: 1822896669944436293

25 Hubjo the Firebug (level 2, -3/16 HPs)
             Began as a Deep Elf Fire Elementalist on May 6, 2022.
             Slain by an iguana (8 damage)
             ... on level 2 of the Dungeon.
             The game lasted 00:02:32 (1689 turns).

Hubjo the Firebug (Deep Elf Fire Elementalist)      Turns: 1689, Time: 00:02:32

Health: -3/16      AC:  2    Str:  5    XL:     2   Next: 86%
Magic:  6/8        EV: 12    Int: 19    God:
Gold:   22         SH:  0    Dex: 15    Spells: 6/7 levels left

rFire   . . .      SeeInvis .   (no weapon)
rCold   . . .      Faith    .   (no shield)
rNeg    . . .      Spirit   .   a - +0 robe
rPois   .          Reflect  .   (no helmet)
rElec   .          Harm     .   f - scarf {repulsion}
rCorr   .          Rampage  .   (no gloves)
Will    .....                   (no boots)
Stlth   ++........              (no amulet)
HPRegen 0.05/turn               (no ring)
MPRegen 0.11/turn               (no ring)

@: repel missiles
A: no striking features
a: no special abilities


You were on level 2 of the Dungeon.
You visited 1 branch of the dungeon, and saw 2 of its levels.

You collected 22 gold pieces.

Inventory:

Armour
 a - a +0 robe (worn)
 f - a scarf of repulsion (worn)
Scrolls
 d - a scroll of fear {unknown}
 e - a scroll of magic mapping {unknown}
 g - a scroll of poison {unknown}
 h - 2 scrolls of identify {unknown}
 i - a scroll of enchant armour {unknown}
 j - a scroll of vulnerability {unknown}
Potions
 b - a potion of magic
 c - a potion of degeneration {unknown}
 k - a potion of attraction {unknown}


   Skills:
 * Level 1.2 Fighting
 - Level 2.4 Dodging
 + Level 2.9 Stealth
 + Level 3.4 Spellcasting
 - Level 1.1 Conjurations
 + Level 3.5 Fire Magic


You had 6 spell levels left.
You knew the following spells:

 Your Spells              Type           Power      Damage    Failure   Level
a - Foxfire               Conj/Fire      48%        2x1d6     5%          1

Your spell library contained the following spells:

 Spells                   Type           Power      Damage    Failure   Level
 Scorch                   Fire           32%        2d6       4%          2
 Conjure Flame            Conj/Fire      12%        6-21      17%         3
 Inner Flame              Hex/Fire       10%        N/A       22%         3
 Flame Wave               Conj/Fire      12%        2d6       50%         4


Dungeon Overview and Level Annotations

Branches:
Dungeon (2/15)

Altars:
Wu Jian


Message History

You conjure some foxfire!
The frilled lizard hisses angrily.
You conjure some foxfire!
The frilled lizard closely misses you.
You conjure some foxfire!
The foxfire hits the frilled lizard.
You kill the frilled lizard!
You conjure some foxfire!
Your foxfire dissipates!
Your foxfire dissipates! x3
Your foxfire dissipates!
Sifu Cai Fang whispers: These will loosen your tongue!
A +0 glaive of electrocution, a +1 quarterstaff of freezing and a +3 dire flail of flaming come into view.
There are monsters nearby!
There are monsters nearby!
There are monsters nearby!
There is an escape hatch in the floor here.
You slide downwards.
The hatch slams shut behind you.
An iguana comes into view.
Found a ring mail.
You cannot cast spells when silenced!
You cannot cast spells when silenced!
You cannot cast spells when silenced!
You cannot cast spells when silenced!
Unknown command.
You cannot cast spells when silenced!
Your hearing returns.
The goblin attacks as you move away! The goblin misses you.
The goblin attacks as you move away! The goblin hits you but does no damage.
The goblin hits you but does no damage. The goblin attacks as you move away!
The goblin hits you with a +0 dagger. The frilled lizard bites you.
You conjure some foxfire!
The frilled lizard bites you. The goblin hits you with a +0 dagger.
The foxfire hits the iguana.
The iguana is moderately wounded.
The goblin hits you with a +0 dagger.
The frilled lizard bites you but does no damage.
You are too injured to fight recklessly!
The iguana bites you!
Ouch! That really hurt!
You die...

#.!# ## ... ..
.# .# ## .# # #
.#
#.######.######
####
#.#B...B......#
....
#lg##.#.####.#
#.## ##@#.l..#
##l....# #
#.[......
#...#.#####
#.#..#.#
###..#.# .. ..


You could see an iguana, a giant cockroach, a goblin and a frilled lizard.

Vanquished Creatures
  A worm (D:2)
  3 ball pythons (D:1)
  An endoplasm (D:1)
  A giant cockroach (D:2)
  A goblin (D:2)
  2 hobgoblins (D:1)
  3 jackals (D:2)
  3 quokkas (D:1)
  A bat (D:1)
  A frilled lizard (D:1)
  A kobold (D:2)
  2 rats (D:1)
20 creatures vanquished.

Vanquished Creatures (others)
  94 foxfires
94 creatures vanquished.

Grand Total: 114 creatures vanquished

Notes
Turn   | Place    | Note
-------+----------+-------------------------------------------
     0 | D:1      | Hubjo the Deep Elf Fire Elementalist began the quest for
                  | the Orb.
     0 | D:1      | Reached XP level 1. HP: 10/10 MP: 6/6
   321 | D:1      | Found a faded altar of an unknown god.
   324 | D:1      | You fall into a shaft and drop 1 floor!
   368 | D:2      | Reached XP level 2. HP: 13/16 MP: 1/8
   831 | D:1      | Reached skill level 1 in Fighting
  1408 | D:1      | Prayed at the altar of an unknown god.
  1408 | D:1      | Became a worshipper of the Wu Jian Council
  1408 | D:1      | Reached * piety under Wu Jian
  1409 | D:1      | Fell from the grace of Wu Jian
  1676 | D:1      | Noticed a +0 glaive of electrocution
  1676 | D:1      | Noticed a +1 quarterstaff of freezing
  1676 | D:1      | Noticed a +3 dire flail of flaming
  1689 | D:2      | Slain by an iguana

Illustrated notes

Levels and vault maps discovered:
D:1:      ebering_trefoil_3fold, layout_loops_ring,
          chequers_ecumenical_altar_island, roderic_roman_lattice
D:2:      layout_loops_ring, serial_shops, nicolae_shop_bloodbath_and_beyond

Skill      XL: |  1  2 |
---------------+-------+-----
Fighting       | 1 |  1.2
Dodging        | |  2.4
Stealth        | |  2.9
Spellcasting   | |  3.4
Conjurations   | |  1.1
Fire Magic     | |  3.5

Action                   || total
-------------------------++-------
Melee: Unarmed           ||     9
 Cast: Foxfire           ||    68
Invok: Renounce Religion ||     1
Armor: Robe              ||    10
Dodge: Dodged            ||    39

Table legend: (Time is in decaauts)
 A = Elapsed time spent in this place.
 B = Non-inter-level travel time spent in this place.
 C = Inter-level travel time spent in this place.
 D = Time resting spent in this place.
 E = Time spent auto-exploring this place.
 F = Levels seen in this place.
 G = Mean time per level.
                   A        B        C        D        E       F      G
               +--------+--------+--------+--------+--------+-----+--------+
         Total |   1700 |   1690 |     10 |      0 |   1421 |   2 |  850.0 |
       Dungeon |   1700 |   1690 |     10 |      0 |   1421 |   2 |  850.0 |
               +--------+--------+--------+--------+--------+-----+--------+

Top non-repeatable levels by time:
     D:1: 1258 daAuts
     D:2: 441 daAuts
